← All builds
Suicide front / Armada / Factory first / OBSERVED BUILD

Standard suicide front

The role's default: factory first (mostly Bot Lab), pushing Rocketeer-led bot play into the middle to contest and hold the front, with an Advanced Metal Extractor around 9:36 as the natural transition.

Usually lab first (63%)

#raid #push · 1244 distinct matches · 126 players · 71% of Armada Suicide front games · team won 60% of 1476 · Recently observed

HOW TO PLAY IT

Key timing: Bot Lab by 0:20

  1. Open with mex and wind, drop Bot Lab immediately.
  2. Push out first "Centurion" as Pond's boost lands.
  3. Send "Rocketeer", "Centurion", "Pawn" mix to contest middle.
  4. Add Dragon's Teeth and Sentries to hold the line.
  5. Get Advanced Metal Extractor up as T2 nears.

Phase by phase

TYPICAL OF ITS 1244 GAMES
  1. 1
  2. 2
  3. 3
PLAY THE OPENING

Follow the example game's first 6:00 step by step: what to build now, what comes next, and where it goes. At 1× it keeps pace with your own game.

  1. 1

    Bot Lab first

    Order
    1. Bot LabBot Lab done ~0:20, middle half 0:20–0:33

    Some games also: mex (36%)

  2. 2

    Bot Lab to 5:00

    Economy
    • Metal Extractor5Mex
    • Wind Turbine4Wind
    Builders
    • Construction Bot3 Con bot
    • Lazarus2 Lazarus
    Army
    • Sentry4 Sentry
    • Rocketeer18 Rocketeer
    • Tick2 Tick
    • Centurion1 Centurion
    Other
    • Radar Tower1 Radar Tower

    Some games also: con turret (35%) · pawn (32%)

    By 5:00 in all: 5 mex · 4 wind

    The example game in this phase · 33 steps
    1. TickTick
    2. Mex
    3. TickTick ×2
    4. SentrySentry
    5. TickTick
    6. LazarusLazarus
    7. Wind
    8. Construction BotCon bot
    9. SentrySentry
    10. Mex
    11. Radar TowerRadar Tower
    12. Construction BotCon botfor Front
    13. CenturionCenturion
    14. SentrySentry
    15. LazarusLazarus
    16. Mex
    17. SentrySentry
    18. Construction BotCon bot
    19. BeamerBeamer
    20. CenturionCenturion
    21. RocketeerRocketeer ×4
    22. BeamerBeamerfor Geo
    23. RocketeerRocketeer
    24. Mex
    25. LazarusLazarus
    26. Wind
    27. RocketeerRocketeer ×2
    28. Con turret
    29. Wind
    30. RocketeerRocketeer ×2
    31. Wind
    32. BeamerBeamerfor Geo sea
    33. RocketeerRocketeer
  3. 3

    5:00 to 10:00

    Economy
    • Metal Extractor1Mex
    • Wind Turbine17Wind
    Builders
    • Construction Turret2 Con turret
    • Lazarus2 Lazarus
    • Construction Bot1 Con bot
    Army
    • Sentry1 Sentry
    • Rocketeer8 Rocketeer
    • Pawn1 Pawn

    Some games also: tick (48%) · Radar Tower (47%) · energy storage (46%) · centurion (45%) · Beamer (39%)

    By 10:00 in all: 6 mex · 23 wind · 1 energy storage · 3 con turret

    The example game in this phase · 121 steps
    1. LazarusLazarus
    2. Wind
    3. CenturionCenturion
    4. Wind
    5. Sneaky PeteSneaky Petefor Geo sea
    6. Construction BotCon bot
    7. Wind
    8. CenturionCenturion
    9. Wind
    10. RocketeerRocketeer ×2
    11. Wind
    12. RocketeerRocketeer
    13. GauntletGauntletnot finished by 15:00
    14. RocketeerRocketeer
    15. Wind
    16. RocketeerRocketeer
    17. BeamerBeamer
    18. LazarusLazarus
    19. Wind
    20. RocketeerRocketeer
    21. Wind
    22. RocketeerRocketeer
    23. Wind
    24. RocketeerRocketeer
    25. Wind
    26. RocketeerRocketeer
    27. Wind
    28. RocketeerRocketeer
    29. LazarusLazarus
    30. Wind ×2
    31. CenturionCenturion
    32. Advanced Metal ExtractorT2 mexdone 9:31 · typical 9:38
    33. Wind
    34. Construction BotCon bot
    35. Wind
    36. Con turret
    37. Wind
    38. CenturionCenturion
    39. Wind ×2
    40. RocketeerRocketeer
    41. Wind
    42. Advanced Metal ExtractorT2 mex
    43. RocketeerRocketeer
    44. Wind
    45. RocketeerRocketeer
    46. Wind
    47. RocketeerRocketeer ×2
    48. Con turret
    49. Advanced Metal ExtractorT2 mex
    50. Con turret
    51. PawnPawn ×2
    52. Mex
    53. LazarusLazarus
    54. RocketeerRocketeer
    55. PawnPawn
    56. Wind
    57. PawnPawn
    58. Wind
    59. PawnPawn
    60. Wind ×2
    61. PawnPawn
    62. Wind
    63. Advanced Metal ExtractorT2 mex
    64. PawnPawn
    65. Wind
    66. PawnPawn
    67. Wind
    68. PawnPawn
    69. Wind
    70. PawnPawn ×2
    71. Wind ×2
    72. PawnPawn
    73. Wind
    74. PawnPawn ×2
    75. Wind
    76. PawnPawn
    77. Wind
    78. PawnPawn
    79. Wind
    80. PawnPawn
    81. RattlesnakeRattlesnakedone 13:13
    82. Wind
    83. PawnPawn
    84. Radar TowerRadar Tower
    85. Wind
    86. PawnPawn
    87. Wind
    88. PawnPawn
    89. Wind
    90. PawnPawn
    91. Wind
    92. PawnPawn
    93. Wind
    94. Energy storage
    95. PawnPawn
    96. Wind
    97. PawnPawn ×3
    98. Energy storage
    99. Wind
    100. Advanced Metal ExtractorT2 mex
    101. PawnPawn ×3
    102. Energy storage
    103. Wind
    104. PawnPawn ×3
    105. Wind
    106. PawnPawn ×2
    107. Pit BullPit Bull
    108. Wind
    109. PawnPawn
    110. Wind
    111. PawnPawn
    112. Wind
    113. PawnPawn
    114. Wind
    115. PawnPawn
    116. Con turret
    117. Wind
    118. PawnPawn
    119. Wind ×2
    120. PawnPawn ×2
    121. Con turret ×2

Counts are medians over the build's games: half of them build more, half fewer. The example game is RAM_Ricardo's (46 OS, 22/08/2026); pick another.

Team trades

IN AT LEAST 30% OF ITS GAMES

You hand over

Nothing regular.

You get

  • Tidal Generator4 Tidal from Pondfirst at 0:10 · in 69% of games
  • Advanced Construction Bot1 T2 con bot from Geo or Techfirst at 7:30 · in 58% of games

How it plays out

Typical game of this build, running totals by minute

Metal produced

010k20k30k
0:005:0010:0015:00

metal

Enemy metal destroyed

05k10k
0:005:0010:0015:00

metal

Own metal lost

05k10k
0:005:0010:0015:00

metal

1476 games.

Show as table
ByMetal produced: This buildEnemy metal destroyed: This buildOwn metal lost: This build
1:0022600
2:0088800
3:002052173106
4:003161658487
5:00424314151020
6:00543323271786
7:00666831762727
8:00791340353627
9:00930148084496
10:001068454295313
11:001224658946034
12:001409665046820
13:001621470167535
14:001807476888398
15:002043282939278
WHAT THE NUMBERS SAY

Standard suicide front play wins slightly more than half its games with fast kills but also fast losses, matching the raw grind of the role.

  • + First kill lands by 2:04 in all games
  • + Metal produced reaches 19882 by 15:00
  • − Own metal lost hits 9208 by 15:00, near metal destroyed of 8172
  • − First unit lost as early as 2:08 in every game
THE EXAMPLE YOU ARE READING

RAM_Ricardo

45.7 OS · 22/08/2026

Open source match ↗

6 received units · includes a constructor
36 metal received · 4683 energy received

Allied construction assistance is unknown. Timings are observations, not a promise of solo reproducibility.

Typical milestones

Bot Lab0:20Middle 50%: 0:20–0:33 · n=1470
Advanced Metal Extractor9:38Middle 50%: 8:42–10:48 · n=1084

Played most by

_X_252games of this buildPlatinumBlonde176games of this buildXad119games of this buildImmort67games of this buildwatermeloans58games of this build